Map: Port Aleksander LE

Players

Gerald - Winner!

  • Race: Protoss Protoss
  • Spawn Location: 11:00

HellraiseR

  • Race: Protoss Protoss
  • Spawn Location: 5:00

Event: 2019 WCS Spring

VOD

Have the link to the VOD?

Description

Time

  • Played on: May 17, 2019, 9:27 a.m.
  • Length: 5:13

All games in this series

Show
View Real Time Build Order
Export as new Build Order

Gerald Protoss - Winner!

Build Orders:  

Get SALT Encoding   

  12  0:00  Probe  
  13  0:12  Probe  
  14  0:17  Pylon  
  14  0:23  Probe  
  15  0:31  Probe  
  15  0:39  Gateway  
  15  0:40  Probe  
  16  0:46  Assimilator  
  17  0:51  Probe  
  17  0:55  Assimilator  
  18  1:00  Probe  
  19  1:08  Probe  
  19  1:16  Gateway  
  19  1:18  Probe  
  21  1:26  Cybernetics Core  
  21  1:30  Probe  
  22  1:35  Pylon  
  22  1:42  Probe  
  23  1:53  Pylon  
  23  1:54  Probe  
  24  2:02  Adept  
  24  2:03  Adept  
  24  2:04  Warp Gate  
  28  2:15  Robotics Facility  
  29  2:25  Shield Battery  
  28  2:32  Stalker  
  28  2:33  Stalker  
  31  2:52  Shield Battery  
  31  2:58  Shield Battery  
  31  3:02  Stalker  
  31  3:05  Immortal  
  37  3:33  Warp Prism  
  35  3:37  Gateway  
  35  3:52  Pylon  
  35  3:53  Sentry x2  
  39  4:10  Observer  
  40  4:21  Stalker x2  
  44  4:32  Observer  
  41  4:45  Zealot x2  
  45  4:46  Zealot  
Show
View Real Time Build Order
Export as new Build Order

HellraiseR Protoss 

Build Orders: Dark Templar Rush 

Get SALT Encoding   

  12  0:00  Probe  
  13  0:12  Probe  
  14  0:18  Pylon  
  14  0:22  Probe  
  15  0:32  Probe  
  15  0:38  Gateway  
  15  0:40  Probe  
  16  0:47  Assimilator  
  17  0:52  Probe  
  17  0:56  Assimilator  
  18  1:00  Probe  
  18  1:09  Probe  
  18  1:10  Gateway  
  20  1:19  Probe  
  21  1:27  Cybernetics Core  
  21  1:31  Probe  
  22  1:39  Pylon  
  22  1:43  Probe  
  23  1:57  Probe  
  24  2:03  Adept  
  24  2:04  Warp Gate, Adept  
  28  2:10  Probe  
  29  2:18  Pylon  
  29  2:30  Twilight Council  
  29  2:34  Stalker  
  31  2:40  Stalker  
  32  2:47  Shield Battery  
  32  2:51  Probe  
  33  3:06  Stalker  
  35  3:14  Dark Shrine  
  35  3:19  Probe  
  34  3:32  Probe  
  31  3:44  Probe  
  31  3:47  Robotics Facility  
  32  3:56  Nexus  
  32  4:01  Probe  
  33  4:07  Pylon  
  33  4:16  Probe  
  34  4:22  Stalker, Sentry  
  38  4:31  Shield Battery  
  36  4:45  Dark Templar  
  36  4:48  Dark Templar  
Tags
 
Add a new tag
Caveats
  • Supply blocks, unpowered buildings, or Contaminate may cause inaccurate times.
  • Supply counts are checked every 10 seconds.